cohdb
Replays
Latest Replays
All Replays
Popular Replays
Top Player Replays
Match Explorer
How It Works
Community
CoH3 Stats
Reddit
Sign in to upload your games and track your stats! →
Sign in with Steam
Match 41617134
Unlisted
Match 41617134
Overview
Messages
Build Orders
End
Construct Infanterie Kompanie
Kettenkrad Recon Vehicle
Selects Mechanized Battlegroup
MG 42 Machine Gun Team
Grenadier Squad
Sniper
Construct Luftwaffe Kompanie
Jäger Squad
221 Scout Car
Selects Raid Package
Jäger Squad
Support Elements
Marder III M Tank Destroyer
Selects StuG Assault Group
Medical Bunker
Theprophetfire
Quejour
Elan
Castellan
Admiral Ding Dong
Dancal
0
0
Comments
sign in to comment!
No comments posted yet!